 Dungeon Crawl Stone Soup version 0.24.0-37-gcf1ca852f1 (webtiles) character file.

Game seed: 2978333385281736435, levelgen mode: deterministic

147242 Iamsoldier the Warrior (level 16, -11/228 HPs)
             Began as a Minotaur Berserker on Dec 1, 2019.
             Was the Champion of Trog.
             Mangled by a tarantella (14 damage)
             ... on level 3 of the Spider Nest.
             The game lasted 01:15:36 (32096 turns).

Iamsoldier the Warrior (Minotaur Berserker)        Turns: 32096, Time: 01:15:37

Health: -11/228    AC: 27    Str: 35    XL:     16   Next: 91%
Magic:  18/18      EV: 19    Int:  6    God:    Trog [******]
Gold:   2986       SH:  0    Dex: 12    Spells: 15/15 levels left

rFire    + . .     SeeInvis +   a - +11 plutonium sword {*Contam Stlth-}
rCold    + . .     Gourm    .   (shield currently unavailable)
rNeg     + . .     Faith    .   p - +3 plate armour {rF+}
rPois    +         Spirit   .   l - +2 hat {MR+}
rElec    +         Reflect  +   x - +0 cloak of Vehumet's Favour {rElec rPois} (curse)
rCorr    .         Harm     .   M - +0 pair of gloves
MR       ++++.                  E - +0 pair of boots
Stlth    ..........             Z - +6 amulet of reflection
HPRegen  1.48/turn              H - +3 ring of evasion
MPRegen  0.16/turn              C - ring "Ziaw" {rC+ rN+ Str+3 Int+2 SInv}

@: confused, berserking (expiring), lethally poisoned (-11 -> -43),
regenerating, very quick
A: retaliatory headbutt, horns 2, see invisible, low mp 1, electricity
resistance
a: Berserk, Trog's Hand, Brothers in Arms, Renounce Religion


You were on level 3 of the Spider Nest.
You worshipped Trog.
Trog was exalted by your worship.
You were very hungry.

You visited 5 branches of the dungeon, and saw 27 of its levels.
You also visited: Ossuary, Gauntlet, Ice Cave and Volcano.

You collected 3460 gold pieces.
You spent 474 gold pieces at shops.

Inventory:

Hand Weapons
 a - the +11 plutonium sword (weapon) {*Contam Stlth-}
   (You found it in an ice cave)

   It causes magical contamination when unequipped.
   It makes you less stealthy.
 b - the +10 spear of Execution {flame, +Rage rPois rN+}
   (You found it on level 5 of the Dungeon)

   It has been specially enchanted to burn those struck by it, causing extra
   injury to most foes and up to half again as much damage against particularly
   susceptible opponents.
   It protects you from poison.
   It protects you from negative energy.
   It lets you go berserk.
Armour
 l - a +2 hat of magic resistance (worn)
 p - a +3 plate armour of fire resistance (worn)
 x - the cursed +0 cloak of Vehumet's Favour (worn) {rElec rPois}
   (You found it in a Gauntlet)

   It insulates you from electricity.
   It protects you from poison.
   It has a curse placed upon it.
 E - a +0 pair of boots (worn)
 M - a +0 pair of gloves (worn)
Jewellery
 c - an uncursed ring of magical power
 k - an uncursed amulet of guardian spirit
 o - a +2 ring of protection
 C - the ring "Ziaw" (right hand) {rC+ rN+ Str+3 Int+2 SInv}
   (You found it in a Gauntlet)

   [ring of intelligence]

   It affects your strength (+3).
   It affects your intelligence (+2).
   It protects you from cold.
   It protects you from negative energy.
   It lets you see invisible.
 H - a +3 ring of evasion (left hand)
 I - an uncursed amulet of the gourmand {unknown}
 W - an uncursed ring of protection from cold
 Z - a +6 amulet of reflection (around neck)
Wands
 e - a wand of acid (30)
 s - a wand of polymorph (33)
 u - a wand of paralysis (15)
 z - a wand of enslavement (10)
 F - a wand of clouds (6)
 K - a wand of digging (6)
 L - a wand of flame (53)
 S - a wand of scattershot (6)
 U - a wand of disintegration (56)
Scrolls
 i - 4 scrolls of immolation
 j - 14 scrolls of remove curse
 r - 5 scrolls of fear
 t - 2 scrolls of enchant weapon
 y - a scroll of identify
 G - 2 scrolls of magic mapping
 J - 11 scrolls of teleportation
 P - a scroll of enchant armour
 Q - 3 scrolls of fog
 T - 5 scrolls of blinking
Potions
 f - a potion of berserk rage
 g - 14 potions of curing
 h - 2 potions of agility
 m - 3 potions of ambrosia
 n - a potion of lignification
 q - 4 potions of resistance
 v - 4 potions of flight
 w - 6 potions of heal wounds
 B - 3 potions of magic
 D - 3 potions of invisibility
 N - a potion of might
 O - a potion of cancellation
 R - 4 potions of brilliance
 Y - a potion of haste
Miscellaneous
 A - a phantom mirror
 X - a lightning rod (4/4)
Comestibles
 d - 38 rations
 V - 4 chunks of flesh


   Skills:
 + Level 16.6 Fighting
 * Level 15.8 Long Blades
   Level 6.5 Maces & Flails
 - Level 12.0 Polearms
 + Level 16.3 Armour
 + Level 14.3 Dodging
   Level 4.2 Shields
 - Level 8.0 Evocations


You had 15 spell levels left.
You didn't know any spells.
Your spell library was empty.

Dungeon Overview and Level Annotations

Branches:
Dungeon (15/15)            Temple (0/1) D:4            Lair (6/6) D:11
 Shoals (1/4) Lair:2       Spider (3/4) Lair:3        Slime (0/5) Lair:6
    Orc (2/2) D:10            Elf (0/3) Orc:2        Vaults (0/5) D:14
 Depths (0/5) D:15        Ossuary (visited)           IceCv (visited)
Volcano (visited)         Gauntlet (visited)

Altars:
Ashenzari
Cheibriados
Gozag
Hepliaklqana
Kikubaaqudgha
Makhleb
Ru
Sif Muna
Trog
Uskayaw
Wu Jian
Xom
Yredelemnul
Zin
Jiyva

Shops:
D:4 :   D:6 }   D:10 }   Orc:1 !   Orc:2 %[%?

Portals:
Trove: D:15 (show slimy rune of Zot)

Annotations:
D:9 3 runed translucent doors, Iamsoldier's ghost, journeyman GnSk; Iamsoldier's ghost, novice GnSk; grindst0ne's ghost, novice KoBe
Spider:3 1 transporter, Roxanne


Innate Abilities, Weirdness & Mutations

You reflexively headbutt those who attack you in melee.
You have a pair of horns on your head.
You have supernaturally acute eyesight. (SInv)
Your magical capacity is low. (-10% MP)
You are resistant to electric shocks. (rElec)


Message History

You closely miss the redback. You headbutt the redback!!
The redback is severely wounded.
You feel very sick. The tarantella misses you.
The redback completely misses you.
The jumping spider rages.
The tarantella completely misses you. The hornet stings you!
* * * LOW HITPOINT WARNING * * *
The spark wasp stings you but does no damage.
The moth of wrath bites you but does no damage.
You barely miss the moth of wrath. You headbutt the moth of wrath!
The moth of wrath is severely wounded.
* * * LOW HITPOINT WARNING * * *
You feel very sick. The tarantella bites you!
* * * LOW HITPOINT WARNING * * *
The redback misses you. The tarantella bites you!
* * * LOW HITPOINT WARNING * * *
You are more confused.
The hornet completely misses you. The tarantella bites you!
You die...

#.###.........^##.###.#..
#.#...#####...^#### ####.
#...###...###..# ##
#..##.......#..##
#..#..#.#...#...#
#..#..#.#...#...#
#..##%..s.#.##..#
#^..#).#syy#.#..#
#..©#!=s@# #..#
##..#?#syy..##..#
#.##$#...#.#©..# #(#
$#.##..##.##
#.#.#...#..©#.#
#.##..#....##.#
#..#.(....##..#
##.##.#####..##
#..###.....##


You could see a spark wasp, 2 moths of wrath, a hornet (berserk), a jumping
spider (berserk), 2 tarantellas and a redback (berserk).

Vanquished Creatures
  Rupert (D:12)
  Gastronok (Lair:3)
  Frances (D:14)
  The ghost of Iamsoldier the Thaumaturge, an adept GnWz of Vehumet (Spider:3)
  A ghost moth (Spider:1)
  An emperor scorpion (Spider:2)
  A frost giant (IceCv)
  2 entropy weavers (Spider:3)
  Azrael (Spider:1)
  A minotaur (Gauntlet)
  An ettin (Orc:1)
  A green death (Gauntlet)
  Snorg (D:12)
  Harold (Orc:1)
  10 hydras
  5 vault guards (D:14)
  Erolcha (Orc:1)
  2 centaur warriors
  A death knight (D:15)
  A catoblepas (Lair:6)
  2 merfolk aquamancers (Shoals:1)
  11 death yaks
  A queen ant (Spider:3)
  A two-headed ogre (D:13)
  5 orc high priests
  A shock serpent (Spider:1)
  Sonja (Lair:2)
  A sea snake (Shoals:1)
  2 unseen horrors
  A glowing orange brain (D:15)
  An orange crystal statue (Lair:6)
  Pikel (D:9)
  3 lindwurms
  7 orc knights
  8 orb spiders
  7 ugly things
  9 wolf spiders
  5 orc sorcerers
  A cyclops (shapeshifter) (D:15)
  A deep elf mage (D:15)
  5 manticores
  5 black mambas
  A moth of wrath (shapeshifter) (D:15)
  An ice statue (IceCv)
  A guardian serpent (shapeshifter) (D:13)
  8 elephants
  6 torpor snails
  11 spiny frogs
  5 gargoyles
  2 orange demons (Gauntlet)
  A kobold demonologist (D:12)
  6 rime drakes
  5 komodo dragons
  3 demonic crawlers
  2 ice devils (D:12)
  2 efreet
  5 trolls
  7 merfolk
  20 polar bears
  24 jumping spiders
  7 hornets
  A raiju (Spider:1)
  3 slime creatures (D:15)
  Grinder (D:4)
  11 blink frogs
  14 hippogriffs
  A meliai zombie (D:14)
  6 dream sheep (Lair:6)
  A redback (shapeshifter) (D:15)
  27 redbacks
  A shadow (D:11)
  2 vampires
  A spriggan (D:7)
  71 yaks
  Eustachio (D:5)
  4 water elementals
  7 humans (D:14)
  Sigmund (D:4)
  11 tarantellas
  4 wyverns
  6 basilisks
  3 fire bats (Orc:1)
  4 fire elementals (Spider:1)
  3 hungry ghosts
  2 wargs
  22 soldier ants (Spider:3)
  19 water moccasins
  4 hell hounds (Spider:1)
  14 porcupines
  Duvessa (D:5)
  31 orc warriors
  2 sky beasts
  3 ice beasts
  5 phantoms
  2 slaves (D:9)
  A necrophage (D:7)
  11 centaurs
  15 ogres
  23 wolves
  19 crocodiles
  2 elf zombies (Ossuary)
  17 bullfrogs
  Dowan (D:5)
  5 scorpions
  5 killer bees (D:10)
  5 wights (D:12)
  8 howler monkeys
  11 electric eels
  3 lava snakes (Lair:6)
  9 crimson imps
  2 bullfrog skeletons
  3 bullfrog zombies
  2 centaur zombies
  6 human zombies
  16 orc priests
  2 centaur skeletons
  Crazy Yiuf (D:2)
  A jelly (D:13)
  34 orc wizards
  5 hounds
  4 human skeletons (D:7)
  3 iguanas
  27 worker ants
  6 hell rats (Lair:6)
  A hound zombie (D:7)
  2 hound skeletons
  4 mummies
  A worker ant zombie (D:11)
  14 gnolls
  14 adders
  6 shadow imps
  An ooze (D:2)
  2 adder skeletons
  2 worms (D:2)
  2 dart slugs
  5 leopard geckos
  78 orcs
  3 ball pythons
  6 bats
  10 giant cockroaches
  5 goblins
  13 hobgoblins
  14 jackals
  2 quokkas
  6 frilled lizards
  3 goblin zombies (Ossuary)
  6 hobgoblin zombies (Ossuary)
  A jackal skeleton (D:4)
  2 jackal zombies (Ossuary)
  7 kobolds
  11 kobold zombies (Ossuary)
  11 orc zombies (Ossuary)
  A quokka skeleton (D:9)
  A quokka zombie (D:5)
  8 rats
  A rat zombie (Ossuary)
  A demonic plant (Gauntlet)
  A plant (D:15)
1012 creatures vanquished.

Vanquished Creatures (collateral kills)
  A dire elephant (Lair:6)
  A manticore (Lair:6)
  A rime drake (Lair:6)
  A dream sheep (Lair:6)
4 creatures vanquished.

Vanquished Creatures (others)
  4 wolves (IceCv)
  A bullfrog (D:9)
  6 demonic plants (Gauntlet)
  13 fungi
  3 plants
27 creatures vanquished.

Grand Total: 1043 creatures vanquished

Notes
Turn   | Place    | Note
-------+----------+-------------------------------------------
     0 | D:1      | Iamsoldier the Minotaur Berserker began the quest for the
                  | Orb.
     0 | D:1      | Reached XP level 1. HP: 19/19 MP: 0/0
   247 | D:1      | Reached XP level 2. HP: 25/27 MP: 1/1
   844 | D:1      | Reached XP level 3. HP: 33/33 MP: 2/2
   958 | D:2      | Found a sacrificial altar of Ru.
  1012 | D:2      | Reached ** piety under Trog
  1061 | D:2      | Noticed a +0 hand axe
  1062 | D:2      | Noticed a +0 dagger
  1063 | D:2      | Found a hide-covered altar of Uskayaw.
  1168 | D:2      | Reached XP level 4. HP: 20/41 MP: 3/3
  1869 | D:2      | Found a snail-covered altar of Cheibriados.
  1976 | D:2      | Found a runed translucent door.
  1977 | D:2      | Noticed Crazy Yiuf
  2211 | D:2      | Killed Crazy Yiuf
  2609 | D:3      | Reached XP level 5. HP: 47/47 MP: 4/4
  2988 | D:3      | Reached *** piety under Trog
  3242 | D:4      | Reached skill level 1 in Shields
  3280 | D:4      | Noticed Sigmund
  3292 | D:4      | Killed Sigmund
  3292 | D:4      | Reached skill level 5 in Fighting
  3292 | D:4      | Reached skill level 5 in Maces & Flails
  3292 | D:4      | Reached XP level 6. HP: 45/56 MP: 5/5
  3451 | D:4      | Found a bloodstained altar of Trog.
  3524 | D:4      | Noticed Grinder
  3538 | D:4      | Paralysed by Grinder for 6 turns
  3545 | D:4      | Killed Grinder
  3545 | D:4      | Reached skill level 5 in Armour
  3545 | D:4      | Reached XP level 7. HP: 27/62 MP: 6/6
  3634 | D:4      | Found a hazy altar of Hepliaklqana.
  3716 | D:4      | Found a shimmering altar of Xom.
  3717 | D:4      | Found a burning altar of Makhleb.
  3789 | D:4      | Found Ripakk's Book Shoppe.
  4193 | D:4      | Found a staircase to the Ecumenical Temple.
  4195 | D:4      | Found a faded altar of an unknown god.
  4551 | D:5      | Entered Level 5 of the Dungeon
  4580 | D:5      | Got a scorched spear
  4585 | D:5      | Identified the +10 spear of Execution {flame, +Rage rPois
                  | rN+} (You found it on level 5 of the Dungeon)
  4704 | D:5      | Reached skill level 1 in Polearms
  4755 | D:5      | Found an ancient bone altar of Kikubaaqudgha.
  4757 | D:5      | Noticed Eustachio
  4778 | D:5      | Killed Eustachio
  4778 | D:5      | Reached XP level 8. HP: 40/71 MP: 7/7
  5211 | D:5      | Noticed Dowan
  5212 | D:5      | Noticed Duvessa
  5217 | D:5      | Killed Dowan
  5226 | D:5      | Killed Duvessa
  5570 | D:5      | Found an opulent altar of Gozag.
  5746 | D:5      | Reached **** piety under Trog
  5746 | D:5      | Reached skill level 5 in Polearms
  6071 | D:6      | Found a sand-covered staircase.
  6081 | Ossuary  | Entered an ossuary
  6249 | Ossuary  | Reached XP level 9. HP: 78/81 MP: 8/8
  6402 | D:6      | Found Zin's Purification Station.
  6405 | D:6      | Found a glowing silver altar of Zin.
  6408 | D:6      | Bought a potion of curing for 90 gold pieces
  6512 | D:6      | Reached ***** piety under Trog
  6540 | D:6      | Found Kuneubin's Gadget Boutique.
  6543 | D:6      | Bought a wand of acid (5) for 198 gold pieces
  6873 | D:7      | Reached skill level 1 in Evocations
  7193 | D:7      | Found a shimmering blue altar of Sif Muna.
  7195 | D:7      | Found a shattered altar of Ashenzari.
  7197 | D:7      | Found an ornate altar of the Wu Jian Council.
  7309 | D:7      | Found a basalt altar of Yredelemnul.
  7334 | D:7      | Received a gift from Trog
  7632 | D:8      | Reached skill level 5 in Dodging
  7632 | D:8      | Reached XP level 10. HP: 90/90 MP: 11/11
  8306 | D:9      | Found a runed translucent gate.
  8306 | D:9      | Found a runed translucent gate.
  8306 | D:9      | Found a runed translucent gate.
  8306 | D:9      | Noticed Iamsoldier's ghost (novice GnSk)
  8306 | D:9      | Noticed grindst0ne's ghost (novice KoBe)
  8307 | D:9      | Noticed Iamsoldier's ghost (journeyman GnSk)
  8345 | D:9      | Noticed Pikel
  8366 | D:9      | Killed Pikel
  8966 | D:10     | Entered Level 10 of the Dungeon
  9819 | D:11     | Noticed a five-headed hydra
  9828 | D:11     | Reached skill level 10 in Polearms
  9833 | D:11     | Killed a five-headed hydra
 10192 | D:10     | Reached skill level 10 in Fighting
 10192 | D:10     | Reached XP level 11. HP: 99/99 MP: 13/13
 10621 | D:10     | Found a staircase to the Orcish Mines.
 10655 | D:10     | Found a shimmering blue altar of Sif Muna.
 10760 | D:10     | Found Onostoc's Gadget Shop.
 11269 | D:11     | Reached skill level 10 in Armour
 11361 | D:11     | Received a gift from Trog
 11520 | D:11     | Found a staircase to the Lair.
 11557 | D:11     | Reached skill level 5 in Evocations
 11818 | D:12     | Noticed a red ugly thing
 11830 | D:12     | Killed a red ugly thing
 11858 | D:12     | Noticed Rupert
 11886 | D:12     | Killed Rupert
 11886 | D:12     | Reached XP level 12. HP: 96/110 MP: 13/15
 12472 | D:12     | Found a frozen archway.
 12503 | IceCv    | Entered an ice cave
 13464 | IceCv    | Received a gift from Trog
 13643 | IceCv    | Reached skill level 10 in Dodging
 13733 | IceCv    | Noticed a frost giant
 13760 | IceCv    | Killed a frost giant
 13769 | IceCv    | Reached XP level 13. HP: 119/119 MP: 16/16
 13826 | IceCv    | Found the +11 plutonium sword {*Contam Stlth-}
 14290 | D:12     | Reached skill level 1 in Long Blades
 14532 | D:12     | Noticed Snorg
 14538 | D:12     | Killed Snorg
 14725 | Lair:1   | Entered Level 1 of the Lair of Beasts
 14763 | Lair:1   | Reached ****** piety under Trog
 15842 | Lair:2   | Received a gift from Trog
 15871 | Lair:2   | Reached skill level 5 in Long Blades
 15895 | Lair:2   | Noticed Sonja
 15907 | Lair:2   | Killed Sonja
 16377 | Lair:2   | Found a staircase to the Shoals.
 17415 | Lair:3   | Reached XP level 14. HP: 115/132 MP: 17/17
 17694 | Lair:3   | Found a hole to the Spider Nest.
 17756 | Lair:3   | Noticed Gastronok
 17771 | Lair:3   | Killed Gastronok
 17837 | Lair:3   | Received a gift from Trog
 19259 | Lair:5   | Reached skill level 10 in Long Blades
 20065 | Lair:5   | Found a snail-covered altar of Cheibriados.
 20539 | Lair:5   | Gained mutation: Armour fits poorly on your strangely
                  | shaped body. [potion of mutation]
 20539 | Lair:5   | Gained mutation: You are partially covered in large bone
                  | plates. (SH +4) [potion of mutation]
 20539 | Lair:5   | Gained mutation: You have a beak for a mouth. [potion of
                  | mutation]
 20540 | Lair:5   | Lost mutation: Armour fits poorly on your strangely shaped
                  | body. [potion of mutation]
 20540 | Lair:5   | Lost mutation: You are partially covered in large bone
                  | plates. (SH +4) [potion of mutation]
 20540 | Lair:5   | Lost mutation: You have a beak for a mouth. [potion of
                  | mutation]
 20540 | Lair:5   | Gained mutation: You are resistant to electric shocks.
                  | (rElec) [potion of mutation]
 20540 | Lair:5   | Gained mutation: Your magical capacity is low. (-10% MP)
                  | [potion of mutation]
 20540 | Lair:5   | Gained mutation: You have supernaturally acute eyesight.
                  | (SInv) [potion of mutation]
 20564 | Lair:6   | Entered Level 6 of the Lair of Beasts
 20704 | Lair:6   | Received a gift from Trog
 20738 | Lair:6   | Got a twisted great sword {god gift}
 20738 | Lair:6   | Identified the +8 great sword of Iguwoh {antimagic, rPois
                  | rF+++ rN+ Str-3} (Trog gifted it to you on level 6 of the
                  | Lair of Beasts)
 21415 | Lair:6   | Found a staircase to the Slime Pits.
 21654 | Lair:6   | Found a viscous altar of Jiyva.
 21964 | Lair:6   | Reached XP level 15. HP: 34/139 MP: 8/16
 22390 | Lair:6   | Got a bloodstained halberd
 22393 | Lair:6   | Identified the +4 halberd of Xiem {protect, Fragile rPois
                  | Int+2} (You found it on level 6 of the Lair of Beasts)
 22940 | Orc:1    | Entered Level 1 of the Orcish Mines
 23202 | Orc:1    | Found Guufoscho's Distillery.
 23202 | Orc:1    | Noticed Erolcha
 23212 | Orc:1    | Killed Erolcha
 23212 | Orc:1    | Reached skill level 15 in Fighting
 23281 | Orc:1    | Received a gift from Trog
 23285 | Orc:1    | Found a dark tunnel.
 23294 | Volcano  | Entered a volcano
 23648 | Orc:1    | Noticed Harold
 23662 | Orc:1    | Killed Harold
 24085 | Orc:2    | Entered Level 2 of the Orcish Mines
 24122 | Orc:2    | Found a staircase to the Elven Halls.
 24330 | Orc:2    | Received a gift from Trog
 24417 | Orc:2    | Reached skill level 15 in Armour
 24811 | Orc:2    | Found Jaxerr's Magic Scroll Boutique.
 24811 | Orc:2    | Found Wuollesch's Food Boutique.
 24815 | Orc:2    | Found Inwam's Food Shoppe.
 24815 | Orc:2    | Found Taoxarch's Armour Shoppe.
 24828 | Orc:2    | Bought a scroll of blinking for 82 gold pieces
 24828 | Orc:2    | Bought a scroll of enchant armour for 82 gold pieces
 24828 | Orc:2    | Bought a scroll of identify for 22 gold pieces
 25060 | Shoals:1 | Entered Level 1 of the Shoals
 25820 | D:13     | Received a gift from Trog
 26484 | D:14     | Found a gate to the Vaults.
 26570 | D:14     | Found a gate leading to a gauntlet.
 26579 | Gauntlet | Entered a Gauntlet
 26579 | Gauntlet | Found a transporter.
 26579 | Gauntlet | Found a transporter.
 26580 | Gauntlet | Found a transporter.
 26583 | Gauntlet | Found a transporter.
 26583 | Gauntlet | Found a transporter.
 26598 | Gauntlet | Found a transporter.
 26602 | Gauntlet | Found a transporter.
 26611 | Gauntlet | Found a transporter.
 26619 | Gauntlet | Found a transporter.
 26639 | Gauntlet | Found a transporter.
 26645 | Gauntlet | Found a transporter.
 26662 | Gauntlet | Found a transporter.
 27087 | Gauntlet | Got an encrusted cloak
 27097 | Gauntlet | Identified the cursed +0 cloak of Vehumet's Favour {rElec
                  | rPois} (You found it in a Gauntlet)
 27132 | Gauntlet | Got a steaming lapis lazuli ring
 27141 | Gauntlet | Identified the ring "Ziaw" {rC+ rN+ Str+3 Int+2 SInv} (You
                  | found it in a Gauntlet)
 27879 | D:14     | Noticed Frances
 27887 | D:14     | Killed Frances
 27887 | D:14     | Received a gift from Trog
 27887 | D:14     | Reached XP level 16. HP: 151/151 MP: 18/18
 28634 | D:15     | Entered Level 15 of the Dungeon
 29320 | D:15     | Received a gift from Trog
 29396 | D:15     | Found a portal to a secret trove of treasure.
 29416 | D:15     | Found a staircase to the Depths.
 29804 | Spider:1 | Entered Level 1 of the Spider Nest
 29804 | Spider:1 | Noticed Azrael
 29810 | Spider:1 | Killed Azrael
 30841 | Spider:2 | Reached skill level 15 in Long Blades
 31048 | Spider:2 | You fall into a shaft and drop 1 floor!
 31260 | Spider:3 | Received a gift from Trog
 31784 | Spider:3 | Noticed Roxanne
 32015 | Spider:3 | Found a transporter.
 32020 | Spider:3 | Noticed Iamsoldier's ghost (adept GnWz)
 32046 | Spider:3 | Found a transporter.
 32086 | Spider:3 | Killed Iamsoldier's ghost
 32096 | Spider:3 | HP: 3/228 [tarantella (12)]
 32096 | Spider:3 | Mangled by a tarantella

Levels and vault maps discovered:
D:1:      ncdulo_smallfort, layout_loops_corners
D:2:      layout_loops_corners, old_standard_altar, nicolae_ru_path_of_blood,
          dancing_weapons_uskayaw, uniq_crazy_yiuf_cottage
D:3:      wad_river_or_something, layout_loops_ring, minmay_tree_intersection,
          minivault_14, minmay_fountain_box
D:4:      layout_rooms, grunt_temple_overflow_champion_of_chaos,
          lemuel_coloured_pillars_altar, nicolae_temple_entry_ecumenical,
          first_ration, serial_shops, nicolae_shop_stone, bloody_trog,
          uniq_grinder, uniq_sigmund
D:5:      layout_cave_pools, nicolae_overflow_crystal_walls,
          kiku_gazebo_pond_becter, uniq_eustachio, uniq_duvessa
D:6:      layout_loops_cross, zin_purify, lightli_ossuary_entry_decrepit_ruins,
          serial_shops, shop
D:7:      layout_gridville, grunt_temple_overflow_open,
          lemuel_mausoleum_altar_yredelemnul, the_bakery
D:8:      layout_basic, special_room [special_room_orc]
D:9:      layout_long_grid, gammafunk_ghost_cemetery, uniq_pikel
D:10:     erik_rubicon_a, layout_long_grid, orc_0_dummy, serial_shops, shop,
          eino_small_chamber_without_monster, lemuel_blue_sif_altar
D:11:     layout_rooms, david_lair_generic
D:12:     layout_stronghold, portal_ice_cave_demonic_guard,
          minmay_misc_feat_ornament, uniq_rupert, uniq_snorg
D:13:     layout_roguey
D:14:     layout_cave_pods, ximxim_vaults_locker_room, gauntlet_entry_generic,
          minmay_misc_feat_nine_boxes, uniq_frances
D:15:     gammafunk_enter_depths_forms, layout_irregular_city,
          dk_noncrumbling_3, enter_trove_2, serial_bayou_lagoon_b
Lair:1:   layout_hall_layers, minivault_27
Lair:2:   layout_small_grid, elwin_shoals_entry_rocks, st_stairs_13, uniq_sonja
Lair:3:   cheibrodos_lair_overgrown_chateau, layout_long_grid,
          spider_nest_entry_a, chequers_serial_rivers_micro_e,
          grunt_megastairs_1, uniq_gastronok
Lair:4:   layout_cave_pods, columned_hall_lemuel
Lair:5:   layout_regular_city, kennysheep_snail_temple, serial_bayou_shore_a,
          grunt_megastairs_4
Lair:6:   hangedman_lair_in_review, layout_layer_cave, slime_altar_1,
          disabler_island
Shoals:1: layout_shoals, nicolae_shoals_square_sea_wall
Spider:1: layout_spider_delve, hangedman_spider_tarantella_strand, uniq_azrael
Spider:2: layout_spider_delve, uniq_arachne
Spider:3: spiders_nest_scorpion_pit, gammafunk_ghost_berserking_beasts,
          minivault_29, uniq_roxanne
Orc:1:    layout_caves, serial_shops,
          nicolae_shop_temple_entry_statues_fountains,
          nicolae_volcano_entry_batcave, uniq_erolcha, uniq_harold
Orc:2:    st_orc_elflike, layout_diamond_mine

Skill      XL: |  1  2  3  4  5  6  7  8  9 10 11 12 13 14 15 16 |
---------------+-------------------------------------------------+-----
Fighting       | 4 5 6 7 8 10 11 12 14 15 16 | 16.6
Maces & Flails | 4 5 6 |  6.5
Armour         | 3 4 5 6 7 8 9 10 12 13 14 15 16 | 16.3
Dodging        | 3 5 6 8 10 11 12 13 14 | 14.3
Shields        | 2 3 4 |  4.2
Polearms       | 2 6 8 10 12 | 12.0
Evocations     | 2 4 5 6 7 8 |  8.0
Long Blades    | 8 11 13 15 | 15.8

Action                   |  1- 3 |  4- 6 |  7- 9 | 10-12 | 13-15 | 16-18 || total
-------------------------+-------+-------+-------+-------+-------+-------++-------
Melee: Mace              |    84 |    39 |       |       |       |       ||   123
       Headbutt          |     5 |     9 |    31 |   130 |   307 |    96 ||   578
       Quarterstaff      |       |    56 |    37 |       |       |       ||    93
       Spear             |       |       |   281 |   749 |  1578 |   169 ||  2777
       Triple sword      |       |       |       |       |       |   266 ||   266
Invok: Berserk           |       |     2 |     8 |    10 |    18 |     7 ||    45
       Trog's Hand       |       |     1 |     2 |       |     2 |     2 ||     7
       Brothers in Arms  |       |       |       |       |     1 |       ||     1
 Abil: Evoke Invisibilit |       |       |       |     1 |       |       ||     1
Evoke: Wand              |       |       |       |       |    16 |       ||    16
  Use: Scroll            |       |     7 |     6 |    12 |    14 |     6 ||    45
       Potion            |       |       |       |       |     8 |     1 ||     9
 Stab: Distracted        |       |       |       |       |       |     1 ||     1
  Eat: Chunk             |     1 |     8 |    18 |    14 |    43 |    11 ||    95
       Ration            |       |       |     1 |     5 |     6 |     3 ||    15
Armor: Scale mail        |    42 |    44 |    52 |       |       |       ||   138
       Animal skin       |     3 |       |       |       |       |       ||     3
       Plate armour      |       |       |    19 |   189 |   466 |   266 ||   940
       Chain mail        |       |       |    13 |       |       |       ||    13
Dodge: Dodged            |    63 |    57 |    91 |   197 |   500 |   407 ||  1315
Block: Other             |       |       |       |       |    15 |   136 ||   151
       Reflection        |       |       |       |       |     1 |     1 ||     2
       Rpst.: Triple sword |       |       |       |       |       |    81 ||    81
